 Dungeon Crawl Stone Soup version 0.15.2 (webtiles) character file.

213 magipi the Caller (level 5, -1/28 HPs)
             Began as a Tengu Summoner on Apr 16, 2015.
             Shot with an arrow by a centaur (7 damage)
             ... on Level 4 of the Dungeon.
             The game lasted 00:15:22 (3162 turns).

magipi the Caller (Tengu Summoner)                  Turns: 3162, Time: 00:15:22

HP  -1/28        AC  2     Str  8      XL: 5   Next: 90%
MP   7/15        EV 12     Int 16      God:
Gold 208         SH  0     Dex 15      Spells:  4 memorised,  3 levels left

rFire  . . .     SeeInvis .     o - +2 dagger (drain)
rCold  . . .     Clarity  .     a - +0 robe
rNeg   + . .     rCorr    .     (no shield)
rPois  .         rRot     .     (helmet restricted)
rElec  .         Spirit   .     (no cloak)
SustAb .         Warding  +     (no gloves)
rMut   .         Stasis   .     (boots unavailable)
Gourm  .                        j - amulet of warding
MR     .....                    (no ring)
                                v - ring of invisibility

@: not resistant to hostile enchantments, unstealthy
A: able to fly, beak, talons 3
a: Fly, Evoke Invisibility


You were on level 4 of the Dungeon.
You were not hungry.

You visited 1 branch of the dungeon, and saw 4 of its levels.

You collected 208 gold pieces.

Inventory:

Hand weapons
 o - a +2 dagger of draining (weapon)
Missiles
 x - 5 poisoned needles
Armour
 a - a +0 robe (worn)
Magical devices
 y - a wand of slowing (3)
Comestibles
 c - 2 bread rations
 r - a slice of pizza
 A - 2 fruits
Scrolls
 d - a scroll of recharging {unknown}
 e - 3 scrolls of magic mapping {unknown}
 h - 2 scrolls of identify {unknown}
 i - 2 scrolls of immolation {unknown}
 n - 4 scrolls of remove curse {unknown}
 p - a scroll of noise {unknown}
 q - 2 scrolls of teleportation {unknown}
 s - 2 scrolls of enchant armour {unknown}
Jewellery
 j - an amulet of warding (around neck)
 v - a ring of invisibility (left hand)
Potions
 f - a potion of lignification {unknown}
 g - a potion of curing {unknown}
 k - a potion of magic {unknown}
 l - a potion of haste {unknown}
 m - a potion of invisibility {unknown}
 t - a potion of cure mutation {unknown}
 u - a potion of heal wounds {unknown}
 w - a potion of agility {unknown}
 z - a potion of might {unknown}
 B - a potion of restore abilities {unknown}
Books
 b - a book of Callings

   Spells                             Type                      Level
   *Summon Small Mammal               Summoning                    1
   *Call Imp                          Summoning                    2
   *Call Canine Familiar              Summoning                    3
   Summon Guardian Golem              Hexes/Summoning              4
   Summon Lightning Spire             Summoning/Air                4
   *Summon Ice Beast                  Ice/Summoning                4


   Skills:
 - Level 2.1 Dodging
 - Level 2.0 Stealth
 - Level 4.6 Spellcasting
 - Level 6.0 Summonings
 + Level 0.5 Ice Magic


You had 3 spell levels left.
You knew the following spells:

 Your Spells              Type           Power        Failure   Level  Hunger
a - Summon Small Mammal   Summ           ###.         1%          1    None
b - Call Imp              Summ           ###.....     1%          2    ##.....
c - Call Canine Familiar  Summ           ###.....     4%          3    ###....
d - Summon Ice Beast      Ice/Summ       ##......     50%         4    ####...


Dungeon Overview and Level Annotations

Branches:
Dungeon (4/15)
 Temple: D:4-7

Altars:
Nemelex Xobeh


Innate Abilities, Weirdness & Mutations

You can fly.
You have a beak for a mouth.
You have claws for feet.

Vault maps used:
D:1:      evilmike_arrival_rings
D:2:      first_bread
D:3:      nemelex_altar_shiori, uniq_grinder


Message History

What do you say? t - Shout!
Orders for allies: a - Attack new target. r - Retreat! s - Stop attacking. w - Wait here. f - Follow me.
Anything else - Stay silent.
You shout for attention!
The rat bites you but does no damage.
You hit the rat.
You kill the rat!
You see here a rat corpse.
You start butchering the rat corpse.
You continue butchering the corpse.
You continue butchering the corpse. x2
You finish butchering the rat corpse.
C - a chunk of rat flesh You see here a rat skeleton.
Eat a chunk of rat flesh? (ye/n/q/i?) This raw flesh tastes terrible.
You continue eating.
HP restored.
You continue eating.
(D) Dungeon
Where to? (Enter - D:4, ? - help)
You see here a club.
There is a stone staircase leading down here.
You climb downwards.
A centaur comes into view.
Found 4 gold pieces.
There is a stone staircase leading up here.
Found 17 poisoned needles.
Casting: Call Canine Familiar
Confirm with . or Enter, or press ? or * to list all spells.
A beastly little devil appears in a puff of frigid air.
The centaur wields a shortbow.
The centaur shoots an arrow.
The arrow barely misses you.
Unknown command.
You swap places.
The centaur shoots an arrow.
The arrow barely misses your white imp. The arrow barely misses you.
Casting: Call Imp
Confirm with . or Enter, or press ? or * to list all spells.
The centaur shoots an arrow.
The arrow hits your white imp!
The centaur shoots an arrow.
The arrow hits your white imp but does no damage.
Unknown command.
Unknown command.
A kobold comes into view. It is wielding a dagger.
The kobold shouts!
The centaur shoots an arrow.
The arrow closely misses your white imp.
The arrow hits you!
The kobold throws a stone.
The stone hits you.
Things that are here:
a stone; an arrow What do you say? t - Shout!
Orders for allies: a - Attack new target. r - Retreat! s - Stop attacking. w - Wait here. f - Follow me.
Anything else - Stay silent.
Okay, then.
What do you say? t - Shout!
Orders for allies: a - Attack new target. r - Retreat! s - Stop attacking. w - Wait here. f - Follow me.
Anything else - Stay silent.
Gang up on whom?
Press: ? - help, Dir - move target cursor There's nothing there!
What do you say? t - Shout!
Orders for allies: a - Attack new target. r - Retreat! s - Stop attacking. w - Wait here. f - Follow me.
Anything else - Stay silent.
Gang up on whom?
Press: ? - help, Dir - move target cursor, f - centaur
Aim: a centaur, wielding a shortbow Attack!
The centaur shoots an arrow.
The arrow hits your white imp.
Your white imp dies!
The kobold throws a stone.
The stone hits you.
The centaur shoots an arrow.
The arrow barely misses your hound. The arrow hits you.
* * * LOW HITPOINT WARNING * * *
You see here an arrow.
Unknown command.
Casting: Call Canine Familiar
Confirm with . or Enter, or press ? or * to list all spells.
A beastly little devil appears in a puff of flame.
The centaur shoots an arrow.
The arrow completely misses your crimson imp.
The arrow barely misses you.
The kobold throws a stone.
The stone misses you.
Unknown command.
Unknown command.
Casting: Call Imp
Confirm with . or Enter, or press ? or * to list all spells.
A beastly little devil appears in a puff of flame.
The centaur shoots an arrow.
The arrow barely misses your hound.
The arrow barely misses your crimson imp.
The arrow hits you!
You die...

+...# #...# #...+
#+########...#+##
................#
.K..............#
+.......(..<.....+
#.($....5..5h.c..#
#.....(..@##+#....#
#######+## ...+ ..#
.


You could see a centaur, a kobold, a friendly hound and 2 friendly crimson imps.

Table legend:
 A = Kills in this place as a percentage of kills in entire the game.
 B = Kills by you in this place as a percentage of kills by you in the entire game.
 C = Kills by friends in this place as a percentage of kills by friends in the entire game.
 D = Other kills in this place as a percentage of other kills in the entire game.
 E = Experience gained in this place as a percentage of experience gained in the entire game.
 F = Experience gained in this place divided by the number of levels of this place that you have seen.
                   A       B       C       D       E      F
               +-------+-------+-------+-------+-------+----------------------
         Total | 100.0 | 100.0 | 100.0 |  -nan | 100.0 |  76.2
       Dungeon | 100.0 | 100.0 | 100.0 |  -nan | 100.0 |  76.2
               +-------+-------+-------+-------+-------+----------------------

Vanquished Creatures
  3 bats
  2 giant cockroaches (D:1)
  2 goblins
  A hobgoblin (D:1)
  A quokka (D:2)
  A giant newt (D:2)
  4 rats
14 creatures vanquished.

Vanquished Creatures (collateral kills)
  Grinder (D:3)
  2 adders
  A worm (D:3)
  6 giant geckos
  An ooze (D:2)
  2 orcs (D:3)
  3 bats (D:1)
  6 hobgoblins
  4 jackals (D:2)
  13 kobolds
  A ball python (D:1)
  3 giant newts
  10 goblins
  2 quokkas
55 creatures vanquished.

Vanquished Creatures (others)
  3 hounds
  A shadow imp (D:3)
  A white imp (D:4)
  2 bats (D:1)
  2 quokkas (D:1)
  4 rats (D:1)
13 creatures vanquished.

Grand Total: 82 creatures vanquished

Notes
Turn   | Place    | Note
--------------------------------------------------------------
     0 | D:1      | magipi, the Tengu Summoner, began the quest for the Orb.
     0 | D:1      | Reached XP level 1. HP: 10/10 MP: 3/3
    32 | D:1      | Reached skill level 5 in Summonings
   237 | D:1      | Reached XP level 2. HP: 15/15 MP: 1/5
   969 | D:1      | Reached XP level 3. HP: 19/19 MP: 5/7
   973 | D:1      | Learned a level 2 spell: Call Imp
   977 | D:1      | Learned a level 3 spell: Call Canine Familiar
  1571 | D:2      | Reached skill level 6 in Summonings
  2328 | D:3      | Found a sparkling altar of Nemelex Xobeh.
  2375 | D:3      | Noticed Grinder
  2375 | D:3      | Paralysed by Grinder for 5 turns
  2562 | D:3      | Killed Grinder
  2562 | D:3      | Reached XP level 4. HP: 24/24 MP: 4/12
  2562 | D:3      | Reached XP level 5. HP: 28/28 MP: 5/15
  2568 | D:3      | Learned a level 4 spell: Summon Ice Beast
  3153 | D:4      | Noticed a centaur
  3162 | D:4      | Shot with an arrow by a centaur

Action                   |  1- 3 |  4- 6 || total
-------------------------+-------+-------++-------
Melee: Unarmed           |     8 |       ||     8
       Dagger            |    21 |     3 ||    24
       Whip              |     7 |       ||     7
 Cast: Summon Small Mamm |    41 |     2 ||    43
       Call Canine Famil |    11 |     3 ||    14
       Call Imp          |     9 |     5 ||    14
 Stab: Sleeping          |     1 |       ||     1
  Eat: Chunk             |     7 |     2 ||     9
       Fruit             |       |     1 ||     1

Action                   |  1- 3 |  4- 6 || total
-------------------------+-------+-------++-------
Melee: Unarmed           |     8 |       ||     8
       Dagger            |    21 |     3 ||    24
       Whip              |     7 |       ||     7
 Cast: Summon Small Mamm |    41 |     2 ||    43
       Call Canine Famil |    11 |     3 ||    14
       Call Imp          |     9 |     5 ||    14
 Stab: Sleeping          |     1 |       ||     1
  Eat: Chunk             |     7 |     2 ||     9
       Fruit             |       |     1 ||     1

Action                   |  1- 3 |  4- 6 || total
-------------------------+-------+-------++-------
Melee: Unarmed           |     8 |       ||     8
       Dagger            |    21 |     3 ||    24
       Whip              |     7 |       ||     7
 Cast: Summon Small Mamm |    41 |     2 ||    43
       Call Canine Famil |    11 |     3 ||    14
       Call Imp          |     9 |     5 ||    14
 Stab: Sleeping          |     1 |       ||     1
  Eat: Chunk             |     7 |     2 ||     9
       Fruit             |       |     1 ||     1
